 Dungeon Crawl Stone Soup version 0.17.1-3-g152610e (webtiles) character file.

10923 kaze the Blocker (level 11, -2/84 HPs)
             Began as a Demonspawn Fighter on Mar 29, 2016.
             Was a High Priest of Trog.
             Slain by an unseen horror (8 damage)
             ... on level 11 of the Dungeon.
             The game lasted 00:29:15 (10603 turns).

kaze the Blocker (Demonspawn Fighter)              Turns: 10603, Time: 00:29:16

Health: -2/84      AC: 19    Str: 19    XL:     11   Next: 42%
Magic:  11/11      EV: 10    Int: 10    God:    Trog [*****.]
Gold:   798        SH:  0    Dex: 23    Spells: 0 memorised, 10 levels left

rFire  . . .     SeeInvis .     q - +3 flail (protect)
rCold  . . .     Clarity  +     k - +0 plate armour
rNeg   . . .     SustAt   .     (no shield)
rPois  +         Gourm    .     (helmet restricted)
rElec  .         Spirit   .     f - +0 cloak
rCorr  .         Warding  .     (no gloves)
rMut   .         Stasis   .     (no boots)
MR     ++...                    (no amulet)
Stlth  +.........               z - ring of poison resistance
                                g - +4 ring of dexterity

@: regenerating, drained, very resistant to hostile enchantments, very
unstealthy
A: horns 1, thin skeletal structure 3, camouflage 1, clarity, powered by death 1
a: Berserk, Trog's Hand, Brothers in Arms, Burn Spellbooks, Renounce Religion


You were on level 11 of the Dungeon.
You worshipped Trog.
Trog was extremely pleased with you.
You were not hungry.

You visited 1 branch of the dungeon, and saw 11 of its levels.
You also visited: Ossuary.

You collected 798 gold pieces.

Inventory:

Hand Weapons
 q - a +3 flail of protection (weapon)
Armour
 c - a +3 shield
 f - a +0 cloak (worn)
 k - a +0 plate armour (worn)
Jewellery
 g - a +4 ring of dexterity (left hand)
 i - an uncursed ring of protection from cold
 u - an uncursed ring of sustain attributes
 y - an uncursed ring of fire
 z - a ring of poison resistance (right hand)
Wands
 a - a wand of flame (19)
 h - a wand of enslavement (17)
 l - a wand of invisibility (2)
 E - a wand of flame (22)
Scrolls
 j - 4 scrolls of teleportation
 p - 6 scrolls of identify
 r - a scroll of amnesia
 A - a scroll of holy word
 B - 3 scrolls of remove curse
Potions
 b - 3 potions of cancellation {unknown}
 d - 3 potions of might
 e - 2 potions of flight
 t - 2 potions of curing
 w - a potion of lignification
 x - a potion of haste
 D - a potion of heal wounds
Miscellaneous
 s - a lamp of fire
Comestibles
 m - a bread ration
 n - a beef jerky
 o - 6 meat rations
 v - 10 royal jellies
 C - a slice of pizza
 I - 4 fruits


   Skills:
 + Level 7.5(7.0) Fighting
   Level 2.6(4.9) Axes
 + Level 7.3(7.1) Maces & Flails
 + Level 7.0(6.6) Armour
 + Level 6.4(5.9) Dodging
 + Level 4.9(4.5) Stealth
 + Level 9.2(8.7) Shields


You had 10 spell levels left.
You didn't know any spells.

Dungeon Overview and Level Annotations

Branches:
Dungeon (11/15)            Temple (0/1) D:7            Lair (0/8) D:10
    Orc (0/4) D:10

Altars:
Cheibriados
Dithmenos
Elyvilon
Gozag
Makhleb
Okawaru
Qazlal
Trog
Vehumet
Yredelemnul
Zin
Beogh


Innate Abilities, Weirdness & Mutations

You have a pair of small horns on your head.
You have an unnaturally thin skeletal structure (Dex +6, Stealth++).
You regenerate a little health from kills.
Your skin changes colour to match your surroundings (Stealth).
You possess an exceptional clarity of mind.


Message History

Something hits you but does no damage.
Drink which item? (? for menu, Esc to quit)
You feel better. Something hits you but does no damage.
Your skin crawls.
You feel resistant to hostile enchantments.
You feel slightly more hungry. Something hits you!
* * * LOW HITPOINT WARNING * * *
Something hits you but does no damage. Something hits you but does no damage.
Something hits you.
* * * LOW HITPOINT WARNING * * *
Something hits you!
* * * LOW HITPOINT WARNING * * *
Something hits you.
* * * LOW HITPOINT WARNING * * *
Found a ring mail.
Something hits you but does no damage. Something hits you but does no damage.
Something hits you!
You die...

..#.... ....... .....
....... .## #.... ..[....
...##.... ..... #.......###
.... #..#.....># ..#
..........# ####.###
..........###.@....##
...(..........##....###
..........[.####.......
.........<#.##.#....###
.........##.........#
#...................####.
..
#..###...................
... ...
............#)....... ....
..
...##..........########.#..


There were no monsters in sight!

Vanquished Creatures
  Sonja (D:11)
  2 orc knights (D:10)
  An ugly thing (D:10)
  A centaur zombie (D:10)
  A cyclops (D:10)
  A fire drake (D:10)
  2 trolls
  A kobold demonologist (D:10)
  2 two-headed ogres
  Sigmund (D:5)
  A trapdoor spider (D:11)
  A wyvern (D:11)
  A shadow (D:11)
  2 hungry ghosts
  8 orc warriors
  3 sky beasts
  A black bear (D:7)
  8 centaurs
  5 ice beasts
  9 ogres
  5 giant frogs
  A gnoll sergeant (D:7)
  14 killer bees
  2 scorpions
  4 lava snakes (D:8)
  4 wights (D:10)
  5 crimson imps
  6 jellies
  4 hounds
  6 iguanas
  Crazy Yiuf (D:7)
  5 orc priests
  8 orc wizards
  A centaur skeleton (D:5)
  3 giant frog skeletons
  7 worker ants
  A hound zombie (D:9)
  8 mummies (Ossuary)
  4 gnolls (D:8)
  A hound skeleton (D:8)
  16 adders
  2 shadow imps (D:6)
  7 oozes
  An adder zombie (D:6)
  A worm (D:5)
  2 giant geckos
  49 orcs
  7 giant cockroaches
  A gnoll zombie (Ossuary)
  4 hobgoblins
  8 kobolds
  4 quokkas
  3 ball pythons
  7 bats
  2 giant gecko skeletons
  4 giant newts
  10 goblins
  8 jackals
  A jackal zombie (D:5)
  4 kobold zombies (Ossuary)
  3 orc zombies (Ossuary)
  4 rats
290 creatures vanquished.

Vanquished Creatures (others)
  An orc (D:4)
1 creature vanquished.

Grand Total: 291 creatures vanquished

Notes
Turn   | Place    | Note
--------------------------------------------------------------
     0 | D:1      | kaze the Demonspawn Fighter began the quest for the Orb.
     0 | D:1      | Reached XP level 1. HP: 18/18 MP: 1/1
   211 | D:1      | Gained mutation: You regenerate a little health from kills. [demonic ancestry]
   211 | D:1      | Reached XP level 2. HP: 9/24 MP: 2/2
   918 | D:2      | Gained mutation: You have a somewhat thin skeletal structure (Dex +2, Stealth). [demonic ancestry]
   918 | D:2      | Reached XP level 3. HP: 24/29 MP: 3/3
  1070 | D:2      | Found a snail-covered altar of Cheibriados.
  1111 | D:2      | Found a bloodstained altar of Trog.
  1118 | D:2      | Became a worshipper of Trog the Wrathful
  1357 | D:2      | Reached XP level 4. HP: 16/35 MP: 4/4
  1402 | D:2      | Found a stormy altar of Qazlal.
  1619 | D:2      | Reached skill level 1 in Dodging
  1831 | D:2      | Found an iron altar of Okawaru.
  1987 | D:3      | Found a burning altar of Makhleb.
  2491 | D:3      | Gained mutation: You have a pair of small horns on your head. [demonic ancestry]
  2491 | D:3      | Reached XP level 5. HP: 41/41 MP: 5/5
  2492 | D:3      | Reached * piety under Trog
  2513 | D:4      | Noticed an ogre
  2515 | D:4      | Noticed an ogre
  2518 | D:4      | Killed an ogre
  2520 | D:4      | Killed an ogre
  2520 | D:4      | Reached skill level 4 in Shields
  2520 | D:4      | Reached XP level 6. HP: 47/47 MP: 6/6
  2973 | D:4      | Reached skill level 1 in Maces & Flails
  3051 | D:4      | Found a sand-covered staircase.
  3159 | Ossuary  | Entered an ossuary
  3219 | Ossuary  | Reached skill level 1 in Stealth
  3245 | Ossuary  | Reached XP level 7. HP: 35/53 MP: 7/7
  3406 | D:4      | Found a glowing silver altar of Zin.
  3420 | D:5      | Entered Level 5 of the Dungeon
  3432 | D:5      | Noticed Sigmund
  3449 | D:5      | Killed Sigmund
  3481 | D:5      | Found a radiant altar of Vehumet.
  3568 | D:5      | Reached skill level 5 in Shields
  3666 | D:5      | Found a white marble altar of Elyvilon.
  3675 | D:5      | Gained mutation: You have a moderately thin skeletal structure (Dex +4, Stealth+). [demonic ancestry]
  3675 | D:5      | Reached XP level 8. HP: 61/61 MP: 8/8
  3783 | D:5      | Reached ** piety under Trog
  3803 | D:5      | Found a shadowy altar of Dithmenos.
  4596 | D:6      | Found an opulent altar of Gozag.
  4762 | D:6      | Found a basalt altar of Yredelemnul.
  5030 | D:6      | Gained mutation: Your skin changes colour to match your surroundings (Stealth). [potion of mutation]
  5030 | D:6      | Gained mutation: You possess an exceptional clarity of mind. [potion of mutation]
  5359 | D:7      | Reached skill level 5 in Fighting
  5414 | D:7      | Noticed Crazy Yiuf
  5423 | D:7      | Killed Crazy Yiuf
  5525 | D:7      | Reached skill level 5 in Armour
  5525 | D:7      | Gained mutation: You have an unnaturally thin skeletal structure (Dex +6, Stealth++). [demonic ancestry]
  5525 | D:7      | Reached XP level 9. HP: 58/68 MP: 9/9
  5584 | D:7      | Reached skill level 6 in Shields
  5639 | D:7      | Reached *** piety under Trog
  5650 | D:7      | Found a staircase to the Ecumenical Temple.
  6008 | D:7      | Reached skill level 5 in Dodging
  6276 | D:7      | Found an opulent altar of Gozag.
  6377 | D:8      | Found a white marble altar of Elyvilon.
  6495 | D:8      | Reached skill level 5 in Maces & Flails
  6583 | D:8      | Reached skill level 7 in Shields
  6752 | D:8      | Reached **** piety under Trog
  6829 | D:8      | Reached XP level 10. HP: 60/76 MP: 10/10
  8064 | D:10     | Entered Level 10 of the Dungeon
  8089 | D:10     | Noticed a white ugly thing
  8090 | D:10     | Noticed a cyclops
  8090 | D:10     | Noticed an orc knight
  8103 | D:10     | Killed a white ugly thing
  8103 | D:10     | Reached skill level 8 in Shields
  8161 | D:10     | Killed an orc knight
  8165 | D:10     | Killed a cyclops
  8421 | D:10     | Found a staircase to the Lair.
  8436 | D:10     | Reached XP level 11. HP: 83/83 MP: 11/11
  8583 | D:10     | Reached skill level 9 in Shields
  8596 | D:10     | Noticed an orc knight
  8628 | D:10     | Killed an orc knight
  8685 | D:10     | Found a roughly hewn altar of Beogh.
  8685 | D:10     | Found a staircase to the Orcish Mines.
  8856 | D:10     | Reached ***** piety under Trog
  9081 | D:10     | HP: 3/126 [troll (5)]
 10255 | D:11     | Noticed Sonja
 10283 | D:11     | Killed Sonja
 10599 | D:11     | HP: 4/84 [something (7)]
 10603 | D:11     | Slain by an unseen horror

Action                   |  1- 3 |  4- 6 |  7- 9 | 10-12 || total
-------------------------+-------+-------+-------+-------++-------
Melee: War axe           |   139 |    71 |       |       ||   210
       Flail             |       |    86 |   392 |   457 ||   935
Invok: Berserk           |       |     2 |     4 |     7 ||    13
       Burn Spellbooks   |       |       |     2 |     1 ||     3
       Trog's Hand       |       |       |       |     4 ||     4
  Use: Potion            |       |     3 |     7 |     9 ||    19
       Scroll            |       |     2 |    12 |     3 ||    17
 Stab: Sleeping          |       |     2 |    21 |     4 ||    27
       Distracted        |       |       |     1 |       ||     1
  Eat: Bread ration      |       |     2 |     4 |     1 ||     7
       Chunk             |       |     1 |     2 |     7 ||    10
       Fruit             |       |       |     3 |       ||     3
       Royal jelly       |       |       |     2 |       ||     2
       Beef jerky        |       |       |     1 |     3 ||     4
       Meat ration       |       |       |       |     1 ||     1
